Map: Inside and Out

Players

Izrr

  • Race: Zerg Zerg
  • League: Silver
  • Spawn Location: 7:00

VolleMelk - Winner!

  • Race: Terran Terran
  • League: Bronze
  • Spawn Location: 1:00

VOD

Have the link to the VOD?

Description

Time

  • Played on: Aug. 6, 2022, 10:15 a.m.
  • Length: 31:41
Show
View Real Time Build Order
Export as new Build Order

Izrr Zerg 

Build Orders: Pool First, Lurkers 

Get SALT Encoding   

  12  0:19  Drone, Overlord  
  12  0:20  Drone  
  14  0:38  Drone  
  15  1:06  Spawning Pool  
  14  1:18  Drone  
  14  1:19  Drone  
  14  1:20  Drone  
  14  1:23  Hatchery  
  16  1:43  Drone  
  16  1:44  Drone  
  18  1:48  Extractor  
  17  2:01  Hatchery  
  16  2:11  Drone  
  16  2:12  Drone  
  18  2:20  Queen  
  20  2:31  Overlord  
  20  2:38  Queen  
  20  2:42  Drone  
  23  2:50  Metabolic Boost  
  23  2:54  Drone  
  23  2:56  Drone  
  25  3:13  Queen  
  25  3:18  Drone x2  
  25  3:19  Drone x2  
  31  3:22  Drone  
  31  3:25  Drone  
  33  3:27  Drone  
  34  3:36  Lair  
  34  3:44  Spine Crawler  
  33  3:52  Drone x3  
  33  3:53  Drone x2  
  38  3:56  Drone  
  38  3:58  Drone  
  38  4:00  Drone  
  41  4:06  Overlord  
  41  4:09  Overlord  
  41  4:16  Extractor  
  40  4:22  Drone  
  40  4:23  Drone  
  42  4:24  Overlord x2  
  42  4:26  Drone  
  42  4:27  Drone x2  
  42  4:28  Drone  
  42  4:30  Drone  
  47  4:31  Drone  
  47  4:33  Drone  
  44  4:48  Zergling x2  
  44  4:49  Zergling x14  
  44  4:50  Zergling x2  
  52  5:03  Evolution Chamber  
  52  5:04  Evolution Chamber  
  50  5:09  Spine Crawler  
  50  5:12  Queen, Spine Crawler  
  47  5:16  Spore Crawler  
  47  5:19  Spore Crawler  
  42  5:32  Drone x2  
  42  5:33  Drone x6  
  50  5:42  Spore Crawler  
  49  5:45  Spore Crawler  
  48  5:50  Hydralisk Den  
  48  5:53  Drone  
  48  5:54  Drone x3  
  48  5:55  Drone  
  52  6:06  Extractor  
  52  6:07  Extractor  
  50  6:12  Infestation Pit  
  50  6:14  Baneling Nest  
  48  6:20  Drone x2  
  48  6:22  Drone  
  51  6:27  Drone x5  
  51  6:28  Drone x3  
  51  6:30  Drone  
  51  6:32  Drone  
  61  6:38  Drone x3  
  64  6:40  Drone x2  
  64  6:43  Drone  
  60  6:56  Hydralisk x4  
  60  6:58  Hydralisk  
  66  7:16  Spine Crawler  
  62  7:25  Extractor  
  62  7:29  Overseer  
  57  7:41  Drone  
  57  7:42  Drone x10  
  57  7:43  Drone x4  
  72  7:47  Grooved Spines  
  72  7:52  Spine Crawler  
  71  7:59  Zerg Missile Weapons Level 1  
  71  8:03  Spore Crawler  
  71  8:04  Spore Crawler  
  57  8:30  Hydralisk  
  57  8:31  Hydralisk x7  
  57  8:33  Hydralisk  
  73  8:35  Hydralisk  
  73  8:53  Drone  
  73  8:55  Extractor, Overlord x5  
  73  8:59  Muscular Augments  
  73  9:01  Centrifugal Hooks  
  73  9:02  Lurker Den  
  72  9:04  Zerg Ground Armor Level 1  
  73  9:10  Drone x2  
  74  9:18  Drone x2  
  74  9:19  Drone  
  74  9:20  Drone x3  
  74  9:23  Drone  
  74  9:24  Drone x2  
  83  9:27  Drone  
  83  9:28  Drone x4  
  88  9:34  Hive  
  88  9:36  Zergling x6  
  88  9:37  Zergling x2  
  92  9:57  Hydralisk  
  92  9:58  Hydralisk x5  
  92  9:59  Extractor  
  103  10:00  Hatchery  
  103  10:02  Queen  
  103  10:03  Extractor  
  103  10:12  Baneling x3  
  103  10:13  Overseer x4, Baneling  
  103  10:15  Pneumatized Carapace  
  103  10:23  Zerg Missile Weapons Level 2  
  103  10:26  Lurker  
  103  10:27  Lurker  
  105  10:32  Lurker  
  105  10:34  Overlord x2  
  105  10:35  Overlord  
  106  10:44  Lurker  
  106  10:45  Lurker  
  100  11:30  Lurker x3  
  100  11:31  Lurker x4  
  107  11:33  Zergling x4  
  107  11:34  Zergling x22  
  107  11:35  Zergling x24  
  107  11:36  Zergling x20  
  142  11:40  Adaptive Talons  
  142  11:48  Drone x2  
  142  11:50  Overlord x4  
  142  11:51  Overlord  
  144  12:08  Queen  
  146  12:11  Drone x3  
  149  12:49  Queen  
  151  12:52  Hydralisk x3  
  151  12:53  Hydralisk x12  
  151  12:54  Hydralisk  
  151  12:55  Overlord  
  151  12:56  Overlord x3  
  183  12:59  Baneling  
  183  13:01  Baneling x6  
  183  13:02  Baneling x5  
  108  13:44  Hydralisk x4  
  108  13:45  Hydralisk x10  
  108  13:46  Hydralisk  
  109  13:49  Hydralisk  
  111  13:58  Zergling x2  
  111  13:59  Zergling x10  
  111  14:00  Zergling x2  
  118  14:14  Lurker x5  
  118  14:16  Lurker  
  124  14:17  Lurker x4  
  124  14:18  Lurker  
  124  14:23  Lurker  
  85  15:51  Spire  
  85  15:52  Zerg Ground Armor Level 2  
  85  15:53  Zerg Missile Weapons Level 3  
  85  15:54  Hydralisk  
  85  15:55  Hydralisk x9  
  85  15:56  Hydralisk x6, Spire  
  115  15:58  Zergling x6  
  115  15:59  Zergling x22  
  115  16:00  Zergling x2  
  130  16:04  Drone x2  
  130  16:05  Drone  
  133  16:15  Overseer  
  133  16:16  Overseer x3  
  133  16:18  Drone x4  
  135  16:22  Extractor  
  71  17:02  Mutalisk  
  71  17:03  Mutalisk x7  
  71  17:05  Zergling x2  
  71  17:06  Zergling x18  
  71  17:07  Zergling x2  
  98  17:18  Drone x3  
  98  17:19  Queen  
  103  17:28  Overlord x3  
  103  17:53  Extractor  
  103  17:55  Hatchery  
  103  17:56  Extractor  
  100  18:02  Baneling  
  100  18:03  Baneling x10  
  100  18:04  Baneling x11  
  100  18:08  Zerg Flyer Weapons Level 1  
  100  18:09  Zerg Flyer Armor Level 1  
  100  18:20  Hydralisk  
  100  18:21  Hydralisk x2  
  100  18:22  Hydralisk  
  100  18:25  Hydralisk  
  110  18:30  Zerg Melee Weapons Level 1  
  110  18:37  Hydralisk x3  
  90  19:05  Corruptor  
  90  19:06  Corruptor x4  
  100  19:20  Mutalisk x4  
  100  19:21  Mutalisk  
  110  19:34  Queen  
  104  19:46  Lurker  
  104  19:47  Lurker x4  
  83  20:01  Hydralisk x4  
  83  20:02  Hydralisk x5  
  101  20:19  Overseer  
  101  20:20  Overseer x3  
  101  20:24  Drone  
  101  20:25  Drone x3  
  101  20:26  Drone x3  
  101  20:28  Queen  
  110  20:33  Overseer x3  
  90  20:59  Mutalisk  
  90  21:02  Overlord x3  
  88  21:10  Overlord x3  
  88  21:11  Overlord  
  79  21:27  Drone x5  
  79  21:28  Drone x2  
  86  21:33  Overseer  
  86  21:34  Overseer  
  86  21:35  Drone x3  
  86  21:38  Zerg Flyer Weapons Level 2  
  69  22:23  Corruptor x3  
  69  22:24  Corruptor x4  
  83  22:39  Drone x2  
  83  22:40  Drone x2  
  87  22:50  Corruptor x3  
  93  22:52  Corruptor  
  95  23:00  Zerg Flyer Armor Level 2  
  95  23:14  Corruptor  
  95  23:15  Corruptor x2  
  101  23:38  Mutalisk  
  101  23:39  Mutalisk x6  
  115  23:43  Zergling x8  
  119  23:48  Queen  
  121  23:58  Lurker  
  119  24:12  Mutalisk  
  119  24:13  Mutalisk  
  119  24:14  Zergling x2  
  119  24:15  Zergling x6  
  126  24:17  Overlord x5  
  126  24:28  Zerg Flyer Weapons Level 3  
  126  24:36  Drone x3  
  126  24:37  Drone x3  
  132  24:45  Drone  
  132  24:46  Drone x2  
  104  25:20  Zergling x4  
  104  25:21  Zergling x24  
  107  25:22  Zergling x18  
  121  25:29  Zergling x4  
  121  25:30  Zergling x10  
  128  25:37  Zergling x2  
  128  25:38  Zergling x8  
  133  25:46  Baneling  
  133  25:47  Baneling x11  
  133  25:48  Baneling x12  
  133  25:49  Baneling x3  
  133  25:50  Baneling  
  133  25:53  Baneling x5  
  133  25:54  Baneling x2  
  133  25:55  Baneling  
  133  25:56  Baneling x2  
  133  25:57  Baneling  
  133  25:58  Baneling x2  
  133  25:59  Baneling  
  133  26:00  Baneling  
  133  26:05  Baneling  
  133  26:06  Baneling x4  
  133  26:07  Baneling  
  133  26:09  Baneling  
  133  26:14  Extractor  
  131  26:29  Baneling  
  131  26:30  Baneling x10  
  131  26:31  Baneling  
  131  26:33  Baneling  
  131  26:35  Baneling  
  131  26:36  Baneling  
  131  26:38  Baneling  
  131  26:50  Baneling  
  131  26:51  Baneling x3  
  131  26:54  Overlord x4  
  131  27:01  Zergling x8  
  132  27:02  Zergling x26  
  132  27:03  Zergling x12  
  132  27:05  Zergling x2  
  132  27:06  Zergling x2  
  156  27:27  Baneling x5  
  156  27:28  Baneling x13  
  156  27:29  Baneling x3  
  156  27:30  Baneling  
  156  27:33  Baneling  
  156  27:35  Baneling  
  156  27:39  Baneling  
  156  27:40  Baneling  
  156  27:42  Zergling x2  
  156  27:43  Zergling x16  
  165  27:50  Baneling  
  165  27:51  Baneling x3  
  165  28:09  Baneling  
  165  28:10  Baneling x5  
  165  28:12  Baneling  
  165  28:15  Baneling  
  165  28:18  Baneling  
  164  28:21  Baneling  
  164  28:24  Baneling  
  165  28:27  Zergling x8  
  165  28:28  Zergling x20  
  165  28:29  Zergling x2  
  83  29:16  Zergling x10  
  83  29:17  Zergling x22  
  88  29:18  Zergling x6  
  73  30:21  Hydralisk Den  
  73  30:23  Spawning Pool, Lair, Spire  
  73  30:26  Drone x2  
  73  30:27  Drone x2  
  66  30:50  Queen  
  66  30:54  Hydralisk  
  66  30:55  Hydralisk x5  
  66  30:57  Hydralisk  
  80  30:58  Zergling x8  
  80  31:00  Zergling x2  
  80  31:02  Zergling x2  
  88  31:05  Zergling x2  
Show
View Real Time Build Order
Export as new Build Order

VolleMelk Terran - Winner!

Build Orders: Liberator Opening 

Get SALT Encoding   

  12  0:00  SCV  
  13  0:12  SCV  
  14  0:18  Supply Depot  
  14  0:27  SCV  
  15  0:31  Refinery  
  15  0:41  Engineering Bay  
  15  0:45  SCV  
  16  0:58  Barracks  
  16  1:10  SCV  
  17  1:19  Supply Depot  
  17  1:20  Refinery  
  17  1:30  SCV  
  18  1:43  SCV  
  19  1:51  Marine, Factory  
  20  1:55  Orbital Command  
  20  2:10  Barracks Reactor  
  20  2:21  SCV  
  21  2:37  Command Center  
  21  2:46  Starport  
  21  2:55  SCV  
  22  3:02  Hellion  
  22  3:04  Hellion  
  26  3:07  SCV  
  27  3:19  SCV  
  28  3:23  Bunker  
  28  3:27  Hellion  
  30  3:32  Supply Depot  
  30  3:39  Hellion  
  32  3:43  Liberator  
  35  3:49  Widow Mine  
  37  3:56  Marine  
  37  4:00  Widow Mine  
  40  4:08  Supply Depot  
  40  4:12  SCV  
  40  4:16  Widow Mine  
  43  4:27  Engineering Bay  
  43  4:31  Supply Depot  
  43  4:34  Orbital Command  
  39  5:06  Hellion x2  
  43  5:17  SCV  
  44  5:22  Refinery  
  44  5:24  Refinery  
  44  5:27  Hellion  
  46  5:29  SCV  
  46  5:34  Marine  
  48  5:37  Hellion  
  50  5:43  SCV  
  50  5:44  Armory  
  50  5:48  SCV  
  50  5:49  Hellion  
  54  5:52  Marine  
  54  5:55  SCV  
  56  6:00  SCV, Starport  
  56  6:02  Factory  
  57  6:07  SCV  
  58  6:20  Widow Mine x2  
  58  6:21  Liberator  
  65  6:34  SCV  
  66  6:41  Widow Mine  
  66  6:47  SCV  
  59  7:25  Factory Tech Lab  
  59  7:26  Hellion  
  59  7:27  Hellion  
  63  7:30  Starport Tech Lab  
  63  7:32  Starport Tech Lab  
  63  7:33  Terran Vehicle Weapons Level 1  
  63  7:37  SCV  
  64  7:45  Hi-Sec Auto Tracking  
  64  7:48  Hellion x2, SCV  
  64  7:49  SCV  
  64  7:50  Hellion  
  70  8:00  SCV  
  68  8:20  Infernal Pre-Igniter  
  68  8:23  Hellbat  
  68  8:24  Hellion x2  
  68  8:26  Medivac x2  
  66  8:44  Hellion  
  66  8:45  Widow Mine x2  
  70  8:56  Raven x2  
  74  9:06  Widow Mine x2  
  78  9:14  Widow Mine  
  78  9:15  Command Center  
  78  9:16  Fusion Core  
  76  9:17  Supply Depot  
  76  9:18  Supply Depot  
  76  9:20  Supply Depot  
  76  9:23  Supply Depot, Factory  
  76  9:28  Terran Vehicle And Ship Armor Level 1  
  76  9:39  Raven  
  76  9:43  Corvid Reactor  
  78  9:46  Raven  
  78  9:52  Neosteel Armor  
  84  10:00  Widow Mine x2  
  84  10:01  Widow Mine  
  86  10:14  Factory Tech Lab  
  90  10:21  Widow Mine x2  
  90  10:22  Widow Mine  
  90  10:23  Supply Depot  
  90  10:25  Supply Depot  
  90  10:26  Battlecruiser  
  98  10:38  Widow Mine  
  104  10:43  Hellion x2  
  104  10:44  Hellion  
  104  10:47  Supply Depot  
  106  10:50  Supply Depot  
  100  10:59  Widow Mine  
  94  11:22  Terran Ship Weapons Level 1  
  94  11:28  Siege Tank, Widow Mine x2  
  94  11:29  Siege Tank  
  98  11:35  Planetary Fortress  
  98  11:37  SCV x2  
  100  11:45  Refinery  
  100  11:49  SCV x2  
  100  11:51  Supply Depot  
  102  11:54  Supply Depot  
  102  11:56  Armory  
  102  12:01  Siege Tank x2, SCV  
  108  12:06  Raven  
  111  12:19  Refinery  
  111  12:26  SCV  
  112  12:32  Widow Mine  
  112  12:33  Widow Mine x2  
  112  12:34  Raven  
  120  12:38  SCV  
  120  12:42  Hellion  
  123  12:45  Terran Vehicle Weapons Level 2  
  123  12:50  SCV  
  124  12:54  Hellion x3  
  130  13:16  Terran Vehicle And Ship Armor Level 2  
  106  13:53  SCV  
  106  13:54  SCV  
  108  14:01  Widow Mine x2  
  108  14:02  Widow Mine x2  
  116  14:05  Raven, Battlecruiser, SCV  
  116  14:06  SCV  
  126  14:18  SCV  
  126  14:23  Siege Tank x2  
  129  14:55  Siege Tank  
  122  15:11  Raven x2  
  122  15:13  Widow Mine  
  122  15:14  Widow Mine x2  
  132  15:27  Widow Mine  
  121  15:53  Raven  
  121  15:54  Raven, Supply Depot  
  121  15:55  Supply Depot  
  121  15:56  Supply Depot  
  125  16:07  Missile Turret  
  125  16:11  Missile Turret  
  125  16:13  SCV  
  125  16:14  Missile Turret  
  125  16:18  Supply Depot, Missile Turret  
  126  16:20  Widow Mine x4, Supply Depot  
  126  16:22  Supply Depot, Missile Turret  
  126  16:25  SCV  
  135  16:28  Missile Turret  
  135  16:31  Terran Vehicle Weapons Level 3  
  135  16:37  Drilling Claws  
  135  16:41  Siege Tank, Widow Mine  
  135  16:42  Widow Mine x2  
  144  16:51  Command Center  
  144  16:53  Missile Turret x2  
  125  17:03  Widow Mine x2  
  129  17:15  Missile Turret  
  129  17:27  SCV x2  
  131  17:39  SCV x2  
  133  17:45  Hellion x4  
  133  17:50  Terran Vehicle And Ship Armor Level 3  
  141  17:51  SCV x2  
  143  18:03  SCV x2  
  145  18:06  Hellion  
  145  18:07  Hellion, Raven x2  
  153  18:16  Refinery  
  153  18:19  Refinery  
  153  18:21  SCV  
  154  18:33  SCV  
  155  18:45  SCV  
  156  18:49  Command Center, Refinery  
  156  18:50  Raven x2  
  156  18:52  Missile Turret  
  156  18:53  Refinery, Missile Turret  
  160  19:12  Missile Turret  
  160  19:13  Widow Mine  
  160  19:14  Widow Mine x3, Orbital Command  
  168  19:34  Thor  
  168  19:35  Thor  
  158  20:17  Thor  
  164  21:15  SCV x2  
  166  21:25  Orbital Command  
  166  21:27  SCV x2  
  168  21:37  Refinery  
  168  21:39  SCV  
  169  21:51  SCV  
  170  22:03  SCV  
  165  22:35  Thor x2  
  181  22:37  Widow Mine x2  
  181  22:40  Raven x2  
  185  22:56  SCV  
  186  23:03  Planetary Fortress  
  186  23:08  SCV  
  187  23:18  Thor  
  187  23:19  Siege Tank  
  196  23:22  Raven  
  196  23:23  Raven  
  200  23:58  Command Center  
  176  25:52  SCV  
  177  26:03  Planetary Fortress  
  177  26:04  SCV  
  178  26:16  SCV  
  179  26:28  SCV  
  180  26:37  Bunker  
  180  26:47  Missile Turret  
  180  26:50  Sensor Tower  
  180  26:54  Supply Depot  
  180  26:59  SCV, Refinery  
  181  27:03  SCV  
  182  27:11  SCV, Missile Turret  
  183  27:16  Marine  
  184  27:30  Smart Servos  
  184  27:33  Terran Ship Weapons Level 2  
  184  27:34  Marine  
  185  27:52  Marine  
  186  28:04  Refinery  
  186  28:09  Marine  
  186  28:11  Refinery  
  187  28:12  Missile Turret x2  
  187  28:13  Missile Turret x2  
  187  28:15  Missile Turret  
  187  28:17  Missile Turret x2  
  187  28:18  Missile Turret  
  187  28:22  Sensor Tower  
  137  29:15  SCV  
  138  29:27  SCV  
  139  29:39  SCV  
  139  29:42  Widow Mine x4  
  142  30:03  Widow Mine  
  144  31:19  Command Center, Refinery  
  144  31:20  Refinery  
Tags
 
Add a new tag
Caveats
  • Supply blocks, unpowered buildings, or Contaminate may cause inaccurate times.
  • Supply counts are checked every 10 seconds.